 Dungeon Crawl Stone Soup version 0.25-a0-156-g0c4bda3fdf (webtiles) character file.

Game seed: 2385382116080364317, levelgen mode: deterministic

97227 night the Black Belt (level 15, -2/124 HPs)
             Began as a Demonspawn Monk on Nov 20, 2019.
             Was the Champion of Cheibriados.
             Slain by a two-headed ogre
             ... wielding a +0 giant spiked club
              (6 damage)
             ... while paralysed by an ogre mage
             ... on level 2 of the Orcish Mines on Nov 21, 2019.
             The game lasted 02:03:58 (30998 turns).

night the Black Belt (Demonspawn Monk)             Turns: 30998, Time: 02:03:59

Health: -2/124     AC: 25    Str: 26    XL:     15   Next: 71%
Magic:  19/22      EV:  2    Int: 33    God:    Cheibriados [******]
Gold:   1962       SH:  0    Dex: 35    Spells: 14/22 levels left

rFire    + . .     SeeInvis .     - Unarmed
rCold    + . .     Gourm    .   y - +0 shield
rNeg     . . .     Faith    .   B - +2 plate armour {rF+}
rPois    .         Spirit   .   i - +0 helmet
rElec    +         Reflect  .   l - +2 cloak {+Inv}
rCorr    .         Harm     .   X - +2 pair of gloves "Tivvas" {rElec Dex+4 Stlth+}
MR       +....                  J - +0 pair of boots
Stlth    ..........             S - amulet of regeneration
HPRegen  0.70/turn              T - ring of wizardry
MPRegen  0.18/turn              j - +3 ring of evasion

@: paralysed, very slow
A: claws 2, large bone plates 1, cold resistance 1, rot immunity, freezing cloud
immunity
a: Bend Time, Temporal Distortion, Slouch, Step From Time, Renounce Religion,
Evoke Invisibility


You were on level 2 of the Orcish Mines.
You worshipped Cheibriados.
Cheibriados was exalted by your worship.
You were not hungry.

You visited 4 branches of the dungeon, and saw 24 of its levels.
You visited the Abyss 1 time.
You also visited: Gauntlet and Ice Cave.

You collected 2171 gold pieces.
You spent 209 gold pieces at shops.

Inventory:

Hand Weapons
 b - a +1 hunting sling
Missiles
 a - 153 sling bullets
 k - 7 curare-tipped darts
 o - 628 stones
 u - 17 javelins
 v - 9 poisoned darts
 x - 20 boomerangs (quivered)
 L - 3 boomerangs of dispersal
 M - 3 throwing nets
Armour
 i - a +0 helmet (worn)
 l - a +2 cloak of invisibility (worn)
 y - a +0 shield (worn)
 B - a +2 plate armour of fire resistance (worn)
 J - a +0 pair of boots (worn)
 X - the +2 pair of gloves "Tivvas" (worn) {rElec Dex+4 Stlth+}
   (You found it in a Gauntlet)

   It affects your dexterity (+4).
   It insulates you from electricity.
   It makes you more stealthy.
Jewellery
 j - a +3 ring of evasion (right hand)
 m - an uncursed amulet of the acrobat
 t - an uncursed ring of poison resistance
 H - an uncursed ring of see invisible
 I - an uncursed ring of flight
 P - an uncursed ring of resist corrosion
 Q - a +3 ring of intelligence
 S - an amulet of regeneration (around neck)
 T - a ring of wizardry (left hand)
 U - an uncursed ring of protection from magic
 Y - the ring of the Voivode {rF+ MR- MP+9 Dex+4}
   (You found it in a Gauntlet)

   [ring of magical power]

   It affects your dexterity (+4).
   It protects you from fire.
   It affects your resistance to hostile enchantments.
   It affects your magic capacity (+9).
Wands
 c - a wand of acid (3)
 d - a wand of iceblast (55)
 r - a wand of scattershot (5)
 C - a wand of disintegration (5)
 D - a wand of clouds (3)
Scrolls
 f - 10 scrolls of identify
 h - 13 scrolls of remove curse
 E - a scroll of fog
 F - 8 scrolls of teleportation
 G - 9 scrolls of fear
 K - 3 scrolls of magic mapping
 N - 4 scrolls of blinking
 V - 3 scrolls of silence
Potions
 e - 3 potions of lignification
 g - 11 potions of curing
 p - 6 potions of brilliance
 s - 3 potions of cancellation
 w - a potion of magic
 z - 7 potions of heal wounds
 A - a potion of agility
 W - 5 potions of resistance
Miscellaneous
 R - 2 sacks of spiders
 Z - a lightning rod (4/4)
Comestibles
 n - 4 chunks of flesh
 q - 48 rations


   Skills:
 + Level 13.4 Fighting
 - Level 8.2 Armour
 - Level 2.6 Dodging
 - Level 1.7 Stealth
 * Level 10.2 Shields
 * Level 16.0 Unarmed Combat
 + Level 4.1 Spellcasting
 + Level 4.0 Translocations
 + Level 4.0 Transmutations
 - Level 10.4 Invocations


You had 14 spell levels left.
You knew the following spells:

 Your Spells              Type           Power        Failure   Level  Hunger
a - Lesser Beckoning      Tloc           ####......   22%         3    #......
b - Blade Hands           Tmut           ####......   88%         5    #####..

Your spell library contained the following spells:

 Spells                   Type           Power        Failure   Level  Hunger
 Beastly Appendage        Tmut           ####..       8%          1    None
 Blink                    Tloc           N/A          12%         2    None
 Sticks to Snakes         Tmut           ####....     12%         2    None
 Gell's Gravitas          Tloc           ####......   22%         3    #......
 Teleport Other           Tloc           ####....     22%         3    #......
 Shroud of Golubria       Chrm/Tloc      ###...       26%         2    None
 Spider Form              Tmut/Pois      ###.......   45%         3    #......
 Passage of Golubria      Tloc           N/A          56%         4    ###....
 Ice Form                 Ice/Tmut       ###.....     85%         4    ###....
 Metabolic Englaciation   Hex/Ice        #.........   100%        5    #####..
 Bolt of Cold             Conj/Ice       #.........   100%        6    ######.
 Freezing Cloud           Conj/Ice/Air   #.........   100%        6    ######.
 Ozocubu's Refrigeration  Ice            #.........   100%        6    ######.
 Simulacrum               Ice/Necr       #.........   100%        6    ######.


Dungeon Overview and Level Annotations

Branches:
Dungeon (15/15)            Temple (1/1) D:6            Lair (6/6) D:11
 Shoals (0/4) Lair:2        Snake (0/4) Lair:3        Slime (0/5) Lair:6
    Orc (2/2) D:9             Elf (0/3) Orc:2        Vaults (0/5) D:13
 Depths (0/5) D:15          IceCv (visited)         Gauntlet (visited)

Altars:
Ashenzari
Cheibriados
Dithmenos
Elyvilon
Fedhas
Gozag
Hepliaklqana
Kikubaaqudgha
Makhleb
Nemelex Xobeh
Okawaru
Qazlal
Ru
Sif Muna
Trog
Uskayaw
Vehumet
Wu Jian
Xom
Yredelemnul
Zin
The Shining One
Beogh

Shops:
D:8 [   D:11 *%(*   D:13 *   Orc:2 !

Annotations:
Orc:2 2 exclusions


Innate Abilities, Weirdness & Mutations

You have very sharp fingernails.
You are partially covered in large bone plates. (SH +4)
Your flesh is cold resistant. (rC+)
You are immune to rotting.
You are immune to freezing clouds.


Message History

The bolt of lightning hits you. You resist.
The two-headed ogre hits you but does no damage.
The two-headed ogre completely misses you.
The orc wizard barely misses you.
The orc warrior hits you from afar with a +0 halberd!
* * * LOW HITPOINT WARNING * * *
The ogre mage hits you but does no damage.
The orc wizard hits you but does no damage.
The orc priest calls down the wrath of Beogh upon you.
Beogh smites you!
* * * LOW HITPOINT WARNING * * *
The ogre mage hits you from afar with a +0 halberd.
* * * LOW HITPOINT WARNING * * *
The orc wizard hits you with a +0 dagger.
* * * LOW HITPOINT WARNING * * *
The orc warrior barely misses you.
The two-headed ogre hits you with a +0 giant spiked club!
* * * LOW HITPOINT WARNING * * *
The two-headed ogre hits you with a +0 giant club.
You die...

...............
..............#
.....$.......# #..
...)).......# #..#
....).......##..#
.....oO........#
......O)).....#
.....oo@)....#
............##
...........).##
..............##
...........))..##
................##
.................##
..................##
..................##


You could see a two-headed ogre, an ogre mage, an orc warrior, an orc priest and
an orc wizard.

Vanquished Creatures
  A tentacled starspawn (Abyss:1)
  Kirke (D:15)
  A caustic shrike skeleton (D:15)
  A minotaur (Gauntlet)
  A blizzard demon (Abyss:1)
  Snorg (D:12)
  A fire dragon (Lair:6)
  4 vault guards (D:13)
  5 hydras
  Harold (Lair:1)
  2 centaur warriors (D:13)
  6 two-headed ogres
  A vampire mage (D:15)
  Sonja (Lair:3)
  A deep elf knight (D:13)
  A wretched star (Gauntlet)
  Nergalle (Orc:1)
  A fire crab (Lair:6)
  A wizard (D:13)
  5 unseen horrors
  2 skeletal warriors (D:15)
  2 necromancers
  An orc sorcerer (Orc:1)
  3 oklob plants
  2 orc knights
  4 manticores
  3 deep elf magi
  A wolf spider (D:15)
  9 ugly things
  A sphinx skeleton (D:15)
  3 elephants (Lair:2)
  4 cyclopes
  2 molten gargoyles (Lair:6)
  A fire giant skeleton (D:15)
  A guardian serpent (D:9)
  3 black mambas
  2 ice statues
  Maurice (D:8)
  9 spiny frogs
  A torpor snail (Lair:6)
  3 gargoyles
  3 centaur skeletons
  6 komodo dragons
  2 kobold demonologists
  11 freezing wraiths
  2 rime drakes
  A red devil (Orc:2)
  3 trolls
  4 tengu conjurers
  4 hornets
  A queen bee (Lair:1)
  3 polar bears
  3 meliai (D:14)
  A raiju (Orc:1)
  23 blink frogs
  Grinder (D:6)
  A wolf spider simulacrum (D:15)
  7 hippogriffs
  5 small abominations
  A deep troll zombie (D:15)
  Sigmund (D:4)
  A shadow (D:15)
  5 centaur simulacra
  A human (D:13)
  A vampire (D:11)
  A wraith (D:13)
  11 basilisks
  65 yaks
  3 wyverns (Lair:6)
  A steam dragon (Lair:6)
  Menkaure (D:6)
  3 nagas (Lair:3)
  A soldier ant (D:15)
  Duvessa (D:4)
  A large abomination (Abyss:1)
  4 hell hounds (Lair:6)
  15 water moccasins
  A black bear (D:9)
  5 porcupines
  23 orc warriors
  A sky beast (D:12)
  4 slaves
  A necrophage (D:7)
  5 phantoms
  13 ice beasts
  14 wolves
  18 centaurs
  15 ogres
  18 crocodiles
  2 big kobolds
  22 bullfrogs
  A wyvern skeleton (D:13)
  Dowan (D:4)
  A water moccasin zombie (D:10)
  A spiny frog simulacrum (Gauntlet)
  A hornet simulacrum (D:15)
  2 water moccasin skeletons
  43 killer bees
  12 wights
  An electric eel (Lair:5)
  5 howler monkeys
  4 lava snakes (Lair:6)
  3 bullfrog zombies
  3 centaur zombies
  A wyvern simulacrum (Gauntlet)
  9 draconian simulacra (IceCv)
  2 quasits
  8 crimson imps
  19 jellies
  4 hounds
  Crazy Yiuf (D:4)
  29 orc priests
  A bullfrog skeleton (D:8)
  32 orc wizards
  8 iguanas
  2 polar bear simulacra (IceCv)
  A spriggan simulacrum (IceCv)
  3 troll simulacra (IceCv)
  9 worker ants
  2 wolf simulacra (IceCv)
  A bullfrog simulacrum (Gauntlet)
  2 hound zombies
  2 hound skeletons
  A howler monkey zombie (D:6)
  A worker ant zombie (D:8)
  3 gnolls (D:10)
  12 adders
  3 naga simulacra (IceCv)
  An ogre simulacrum (IceCv)
  A river rat (D:15)
  3 shadow imps
  15 white imps
  3 oozes
  An adder zombie (D:4)
  5 worms
  A dart slug (D:3)
  5 leopard geckos
  94 orcs
  11 bats
  3 giant cockroaches
  10 goblins
  9 hobgoblins
  12 jackals
  4 quokkas
  4 frilled lizards
  A giant cockroach zombie (D:6)
  11 kobolds
  A leopard gecko skeleton (D:6)
  9 rats
  2 plants (D:11)
875 creatures vanquished.

Vanquished Creatures (others)
  A human (D:15)
  A bush (Lair:2)
  15 fungi
  4 plants
  2 starspawn tentacles (Abyss:1)
  2 withered plants (D:15)
25 creatures vanquished.

Grand Total: 900 creatures vanquished

Notes
Turn   | Place    | Note
-------+----------+-------------------------------------------
     0 | D:1      | night the Demonspawn Monk began the quest for the Orb.
     0 | D:1      | Reached XP level 1. HP: 18/18 MP: 1/1
   225 | D:1      | Reached skill level 3 in Unarmed Combat
   225 | D:1      | Gained mutation: You are partially covered in large bone
                  | plates. (SH +4) [demonic ancestry]
   225 | D:1      | Reached XP level 2. HP: 21/24 MP: 2/2
   977 | D:2      | Gained mutation: You are immune to rotting. [demonic
                  | ancestry]
   977 | D:2      | Reached XP level 3. HP: 26/29 MP: 3/3
  1120 | D:2      | Found an iron altar of Okawaru.
  1419 | D:2      | Gained mutation: Your flesh is cold resistant. (rC+)
                  | [demonic ancestry]
  1419 | D:2      | Reached XP level 4. HP: 37/37 MP: 4/4
  1802 | D:3      | Noticed a centaur
  1822 | D:3      | Killed a centaur
  1822 | D:3      | Reached skill level 4 in Unarmed Combat
  1822 | D:3      | Reached XP level 5. HP: 36/43 MP: 5/5
  2084 | D:3      | Found a sparkling altar of Nemelex Xobeh.
  2384 | D:3      | Found a burning altar of Makhleb.
  2676 | D:4      | Reached skill level 5 in Fighting
  2744 | D:4      | Reached XP level 6. HP: 51/51 MP: 6/6
  2818 | D:4      | Noticed Sigmund
  2853 | D:5      | Entered Level 5 of the Dungeon
  3045 | D:5      | Reached skill level 5 in Unarmed Combat
  3490 | D:4      | Found a hazy altar of Hepliaklqana.
  3511 | D:4      | Noticed a slave
  3511 | D:4      | Noticed a slave
  3513 | D:4      | Noticed a slave
  3543 | D:5      | Killed a slave
  3582 | D:5      | Killed a slave
  3606 | D:5      | Killed a slave
  3716 | D:5      | Gained mutation: You are immune to freezing clouds.
                  | [demonic ancestry]
  3716 | D:5      | Reached XP level 7. HP: 31/58 MP: 7/7
  4357 | D:5      | Found a shimmering blue altar of Sif Muna.
  4442 | D:4      | Found a runed translucent door.
  4443 | D:4      | Noticed Crazy Yiuf
  4456 | D:4      | Killed Crazy Yiuf
  4522 | D:4      | Reached skill level 6 in Unarmed Combat
  4626 | D:4      | Killed Sigmund
  5292 | D:4      | Reached XP level 8. HP: 63/65 MP: 8/8
  5399 | D:4      | Noticed Duvessa
  5399 | D:4      | Noticed Dowan
  5568 | D:4      | Killed Duvessa
  5568 | D:4      | Reached skill level 7 in Unarmed Combat
  5597 | D:4      | Killed Dowan
  6480 | D:5      | Reached skill level 8 in Unarmed Combat
  6490 | D:6      | Found a staircase to the Ecumenical Temple.
  6509 | Temple   | Entered the Ecumenical Temple
  6670 | Temple   | Became a worshipper of Cheibriados the Contemplative
  6670 | Temple   | Reached * piety under Cheibriados
  6670 | Temple   | Reached ** piety under Cheibriados
  7625 | D:6      | Gained mutation: You have sharp fingernails. [demonic
                  | ancestry]
  7625 | D:6      | Reached XP level 9. HP: 74/74 MP: 9/9
  7635 | D:6      | Noticed Grinder
  7640 | D:6      | Killed Grinder
  7640 | D:6      | Reached skill level 1 in Armour
  7713 | D:6      | Noticed Menkaure
  7721 | D:6      | Killed Menkaure
  7721 | D:6      | Reached skill level 9 in Unarmed Combat
  8216 | D:6      | Reached *** piety under Cheibriados
  8580 | D:7      | Reached skill level 1 in Shields
  8886 | D:7      | Found an ancient bone altar of Kikubaaqudgha.
  8886 | D:7      | Found a radiant altar of Vehumet.
  9077 | D:7      | Found a shimmering altar of Xom.
  9862 | D:8      | Found Laro's Armour Shop.
 10561 | D:8      | Noticed Maurice
 10583 | D:8      | Killed Maurice
 10747 | D:8      | Reached **** piety under Cheibriados
 10747 | D:8      | Reached XP level 10. HP: 82/82 MP: 10/10
 10888 | D:9      | Noticed a guardian serpent
 10899 | D:9      | Killed a guardian serpent
 10899 | D:9      | Reached skill level 10 in Unarmed Combat
 10899 | D:9      | Reached skill level 1 in Invocations
 10956 | D:9      | Found a staircase to the Orcish Mines.
 11057 | D:9      | Reached ***** piety under Cheibriados
 11249 | D:9      | Found a roughly hewn altar of Beogh.
 11285 | D:9      | You fall into a shaft and drop 1 floor!
 11285 | D:10     | Entered Level 10 of the Dungeon
 11895 | D:10     | Found a snail-covered altar of Cheibriados.
 12321 | D:10     | Noticed a gargoyle
 12331 | D:10     | Killed a gargoyle
 12331 | D:10     | Reached skill level 11 in Unarmed Combat
 12536 | D:10     | Gained mutation: You have very sharp fingernails. [demonic
                  | ancestry]
 12536 | D:10     | Reached XP level 11. HP: 90/90 MP: 10/14
 12583 | D:10     | Reached skill level 5 in Invocations
 12618 | D:11     | Reached skill level 5 in Armour
 12703 | D:11     | You fall into a shaft and drop 1 floor!
 12703 | D:12     | Found a blossoming altar of Fedhas.
 12715 | D:11     | Noticed a cyan ugly thing
 12747 | D:11     | Killed a cyan ugly thing
 12747 | D:11     | Reached skill level 10 in Fighting
 13112 | D:11     | Found a burning altar of Makhleb.
 13191 | D:11     | Found Osuixessox's Weapon Shoppe.
 13527 | D:11     | Noticed an oklob plant
 13533 | D:11     | Found a staircase to the Lair.
 13533 | D:11     | Noticed an oklob plant
 13649 | D:11     | Found Jiane's General Store.
 13706 | D:11     | Found Plog's Food Shop.
 13706 | D:11     | Noticed a purple ugly thing
 13706 | D:11     | Noticed a two-headed ogre
 13719 | D:11     | Killed a purple ugly thing
 13727 | D:11     | Killed a two-headed ogre
 13738 | D:11     | Found Hoomur's General Store.
 13768 | D:11     | Bought a scroll of silence for 90 gold pieces
 13897 | Lair:1   | Entered Level 1 of the Lair of Beasts
 14085 | Lair:1   | Reached skill level 12 in Unarmed Combat
 14845 | Lair:1   | Reached ****** piety under Cheibriados
 15170 | Lair:1   | Noticed Harold
 15185 | Lair:1   | Killed Harold
 15185 | Lair:1   | Reached XP level 12. HP: 92/99 MP: 17/17
 15671 | Lair:2   | Found a staircase to the Shoals.
 15682 | Lair:2   | Found a gate leading to a gauntlet.
 15691 | Gauntlet | Entered a Gauntlet
 15691 | Gauntlet | Found a transporter.
 15691 | Gauntlet | Found a runed translucent door.
 15691 | Gauntlet | Found a transporter.
 15730 | Gauntlet | Found a runed translucent door.
 15733 | Gauntlet | Found a transporter.
 15753 | Gauntlet | Found a transporter.
 15761 | Gauntlet | Found a transporter.
 15765 | Gauntlet | Found a transporter.
 15776 | Gauntlet | Found a transporter.
 15786 | Gauntlet | Found a runed translucent door.
 15790 | Gauntlet | Found a transporter.
 15792 | Gauntlet | Noticed a death yak
 15792 | Gauntlet | Noticed a death yak
 15793 | Gauntlet | Noticed a death yak
 15798 | Gauntlet | Noticed a death yak
 15798 | Gauntlet | Noticed a death yak
 15800 | Gauntlet | Noticed a death yak
 15803 | Gauntlet | Found a transporter.
 15807 | Gauntlet | Found a transporter.
 15809 | Gauntlet | Found a runed translucent gate.
 15809 | Gauntlet | Found a runed translucent gate.
 15809 | Gauntlet | Found a runed translucent gate.
 15815 | Gauntlet | Found a transporter.
 15819 | Gauntlet | Found a transporter.
 16087 | Gauntlet | Got a pair of heavily runed gloves
 16098 | Gauntlet | Identified the +2 pair of gloves "Tivvas" {rElec Dex+4
                  | Stlth+} (You found it in a Gauntlet)
 16315 | Gauntlet | Got a jewelled hand axe
 16316 | Gauntlet | Identified the +3 hand axe "Diogudor" {venom, Int+5} (You
                  | found it in a Gauntlet)
 16319 | Gauntlet | Got a transparent amber ring
 16321 | Gauntlet | Identified the ring of the Voivode {rF+ MR- MP+9 Dex+4}
                  | (You found it in a Gauntlet)
 16337 | Gauntlet | Identified the +6 morningstar of Linearity {speed, *Slow
                  | rF+ Dex+2}
 16337 | Gauntlet | Noticed a minotaur
 16353 | Gauntlet | HP: 5/100 [minotaur/the +6 morningstar of Linearity {speed,
                  | *Slow rF+ Dex+2} (37)]
 16357 | Gauntlet | Killed a minotaur
 16850 | Lair:2   | Reached skill level 13 in Unarmed Combat
 17073 | Lair:2   | Noticed a seven-headed hydra
 17082 | Lair:2   | Killed a seven-headed hydra
 18367 | Lair:3   | Reached XP level 13. HP: 79/106 MP: 20/20
 18442 | Lair:3   | Reached skill level 10 in Invocations
 18966 | Lair:3   | Noticed Sonja
 18974 | Lair:3   | Killed Sonja
 19158 | Lair:3   | Found a staircase to the Snake Pit.
 20015 | Lair:4   | Reached skill level 14 in Unarmed Combat
 20093 | Lair:4   | Reached skill level 5 in Shields
 22156 | Lair:6   | Entered Level 6 of the Lair of Beasts
 22445 | Lair:6   | Reached XP level 14. HP: 100/116 MP: 21/21
 22559 | Lair:6   | Found a staircase to the Slime Pits.
 23465 | Lair:6   | Found a large runed translucent door.
 23467 | Lair:6   | Found a large runed translucent door.
 24274 | D:12     | Noticed Snorg
 24285 | D:12     | Killed Snorg
 24285 | D:12     | Reached skill level 15 in Unarmed Combat
 24396 | D:12     | Learned a level 3 spell: Lesser Beckoning
 24402 | D:12     | Learned a level 5 spell: Blade Hands
 24905 | D:13     | Reached skill level 1 in Spellcasting
 25104 | D:13     | Reached skill level 1 in Transmutations
 25176 | D:13     | Reached skill level 1 in Translocations
 25325 | D:13     | Found Biotrav's General Store.
 25362 | D:13     | Bought a scroll of blinking for 105 gold pieces
 25362 | D:13     | Bought 2 boomerangs for 14 gold pieces
 25643 | D:13     | Paralysed by a wizard for 2 turns
 25768 | D:13     | Found a gate to the Vaults.
 26430 | D:14     | Found a bloodstained altar of Trog.
 26737 | D:15     | Entered Level 15 of the Dungeon
 26825 | D:15     | Reached XP level 15. HP: 96/123 MP: 22/22
 27893 | D:15     | Found a staircase to the Depths.
 28478 | D:15     | Noticed Kirke
 28481 | D:15     | Noticed a sphinx
 28493 | D:15     | Killed Kirke
 28961 | Orc:1    | Entered Level 1 of the Orcish Mines
 29027 | Orc:1    | Found a roughly hewn altar of Beogh.
 29108 | Orc:2    | Entered Level 2 of the Orcish Mines
 29232 | Orc:1    | Noticed Nergalle
 29237 | Orc:1    | Killed Nergalle
 29267 | Orc:1    | Found a frozen archway.
 29282 | IceCv    | Entered an ice cave
 29499 | IceCv    | Found an ancient bone altar of Kikubaaqudgha.
 29999 | Orc:1    | Cast into level 1 of the Abyss (orc wizard)
 30082 | Abyss:1  | Noticed a tentacled starspawn
 30093 | Abyss:1  | Killed a tentacled starspawn
 30093 | Abyss:1  | Reached skill level 10 in Shields
 30169 | Orc:1    | Escaped the Abyss
 30595 | Orc:2    | Found Judik's Distillery.
 30782 | Orc:2    | Reached skill level 16 in Unarmed Combat
 30820 | Orc:2    | Found a staircase to the Elven Halls.
 30994 | Orc:2    | Paralysed by an ogre mage for 5 turns
 30998 | Orc:2    | HP: 4/124 [two-headed ogre/+0 giant spiked club (15)]
 30998 | Orc:2    | Slain by a two-headed ogre

Levels and vault maps discovered:
D:1:      wander_arrival_desolate, layout_loops_ring
D:2:      layout_basic, corexii_shack, okawaru_trees_1
D:3:      layout_loops_ring, nemelex_xobeh_ov_fountains_minmay, bloody_makhleb
D:4:      kennysheep_six_static_rooms, layout_basic, lemuel_round_altar,
          serial_corexii_hall, corexii_hall_statues_i,
          chequers_hall_statues_wall_a, corexii_hall_statues_l,
          uniq_crazy_yiuf_cottage, uniq_pikel, uniq_sigmund, uniq_duvessa
D:5:      layout_loops_ring, lemuel_blue_sif_altar, first_ration
D:6:      layout_cave_pods, minmay_temple_entry_trees, st_stairs_8,
          uniq_grinder, uniq_menkaure
D:7:      layout_basic, lemuel_round_altar,
          chequers_temple_overflow_statue_of_worship
D:8:      layout_loops_ring, serial_shops, kennysheep_little_box,
          grunt_ogre_cave, minmay_joined_circles, uniq_maurice
D:9:      nrook_guardian_serpent_snake_passage, layout_cross,
          minmay_orc_entry_temple_small, grunt_ministairs_7, uniq_grum
D:10:     layout_loops_corners, cheibriados_altar_1
D:11:     layout_roguey, dpeg_oklobed_lair, serial_shops, kennysheep_mini,
          nicolae_shop_window_shopping, shop, shop, basic_altar
D:12:     layout_cave_pools, chequers_garden, fedhas_bush_and_centaur_altar,
          uniq_snorg
D:13:     layout_roguey, grunt_vaults_entry_fortified, serial_shops, shop_statue
D:14:     layout_long_grid, lemuel_round_altar
D:15:     gammafunk_depths_entry_grave, layout_irregular_city,
          minmay_misc_feat_enclosed, pond, uniq_kirke
Temple:   compressed_dpeg_circular_temple
Lair:1:   layout_cave_pods, special_room [special_room_bee], uniq_harold
Lair:2:   layout_cave_pods, minmay_shoals_entry_beasts, gauntlet_entry_generic,
          ice2_lemuel
Lair:3:   layout_misc_corridors, minmay_snake_entry_guardpost_small,
          chequers_serial_rivers_micro_b, chequers_serial_rivers_micro_b,
          grunt_megastairs_4, uniq_sonja
Lair:4:   layout_roguey
Lair:5:   layout_regular_city, columned_hall_lemuel, serial_bayou_pond_c,
          infiniplex_staircase_pool
Lair:6:   cheibrodos_lair_end_hotspot, layout_gridlike,
          minmay_slime_entry_jelly_boxes
Orc:1:    layout_diamond_mine, portal_ice_cave_entry_pillars_2, mines1_david,
          uniq_nergalle
Orc:2:    pf_orc_diabolical, layout_diamond_mine

Skill      XL: |  1  2  3  4  5  6  7  8  9 10 11 12 13 14 15 |
---------------+----------------------------------------------+-----
Unarmed Combat | 3 4 5 6 8 9 11 12 13 14 15 16 | 16.0
Fighting       | 4 5 6 8 9 10 11 12 13 | 13.4
Armour         | 3 4 6 7 8 |  8.2
Shields        | 3 4 6 9 10 | 10.2
Invocations    | 4 7 9 10 | 10.4
Spellcasting   | 2 4 |  4.1
Transmutations | 2 4 |  4.0
Translocations | 2 4 |  4.0
Dodging        | |  2.6
Stealth        | |  1.7

Action                   |  1- 3 |  4- 6 |  7- 9 | 10-12 | 13-15 || total
-------------------------+-------+-------+-------+-------+-------++-------
Melee: Unarmed           |   172 |   377 |   621 |   961 |  1822 ||  3953
       Punch             |     5 |     1 |    16 |       |       ||    22
 Fire: Hunting sling     |     4 |       |     2 |       |       ||     6
Throw: Stone             |     2 |     1 |       |       |       ||     3
       Boomerang         |       |       |    14 |    76 |    41 ||   131
       Throwing net      |       |       |       |     2 |       ||     2
       Javelin           |       |       |       |       |     1 ||     1
Invok: Slouch            |       |       |       |     5 |     9 ||    14
       Temporal Distorti |       |       |       |     1 |     1 ||     2
       Bend Time         |       |       |       |       |     3 ||     3
 Abil: Evoke Invisibilit |       |       |     1 |       |     1 ||     2
Evoke: Wand              |       |     4 |     5 |     4 |     9 ||    22
       Lightning rod     |       |       |       |       |     1 ||     1
  Use: Potion            |       |     6 |     1 |     5 |     2 ||    14
       Scroll            |       |    10 |     5 |     4 |    12 ||    31
 Stab: Sleeping          |     1 |       |       |       |       ||     1
       Confused          |       |       |     1 |     5 |       ||     6
       Held in net/web   |       |       |       |     3 |       ||     3
       Distracted        |       |       |       |       |     1 ||     1
  Eat: Chunk             |     2 |     7 |    17 |    11 |    23 ||    60
       Ration            |       |       |       |     1 |     1 ||     2
Armor: Robe              |    25 |       |       |       |       ||    25
       Scale mail        |    14 |    97 |   102 |       |       ||   213
       Skin              |       |    16 |     3 |   125 |       ||   144
       Plate armour      |       |       |   106 |   319 |   689 ||  1114
Dodge: Dodged            |   123 |   172 |   227 |   344 |   562 ||  1428
Block: Other             |    23 |    53 |    66 |       |       ||   142
       Buckler           |       |       |   102 |   468 |    62 ||   632
       Shield            |       |       |       |       |  1559 ||  1559

Table legend:
 A = Non-vault XP
 B = Vault XP
 C = Vault XP percentage of total XP
 D = Non-vault monster count
 E = Vault monster count
 F = Vault count percentage of total count
                 A         B        C        D         E       F
            +---------+---------+-------+---------+---------+-------
      Total |   92977 |   45920 |  33.1 |     630 |     239 |  27.5
            +---------+---------+-------+---------+---------+-------
        D:1 |      29 |       0 |   0.0 |      16 |       0 |   0.0
        D:2 |      69 |       2 |   2.8 |      25 |       1 |   3.8
        D:3 |     199 |      32 |  13.9 |      27 |       1 |   3.6
        D:4 |     401 |     576 |  59.0 |      20 |       9 |  31.0
        D:5 |     700 |      45 |   6.0 |      22 |       1 |   4.3
        D:6 |     774 |     444 |  36.5 |      33 |       2 |   5.7
        D:7 |     609 |       0 |   0.0 |      14 |       0 |   0.0
        D:8 |     517 |    1088 |  67.8 |      16 |      10 |  38.5
        D:9 |    2494 |     732 |  22.7 |      16 |      14 |  46.7
       D:10 |    2376 |       0 |   0.0 |      28 |       0 |   0.0
       D:11 |    6333 |    1084 |  14.6 |      50 |       2 |   3.8
       D:12 |    2794 |    1194 |  29.9 |      25 |       2 |   7.4
       D:13 |   11256 |    6773 |  37.6 |      35 |      10 |  22.2
       D:14 |    2689 |       0 |   0.0 |       7 |       0 |   0.0
       D:15 |   11660 |    8011 |  40.7 |      37 |      13 |  26.0
     Temple |     194 |       0 |   0.0 |       2 |       0 |   0.0
     Lair:1 |    1912 |    2727 |  58.8 |      10 |      25 |  71.4
     Lair:2 |    7021 |    2700 |  27.8 |      28 |      13 |  31.7
     Lair:3 |    8321 |    1553 |  15.7 |      36 |       6 |  14.3
     Lair:4 |    8777 |       0 |   0.0 |      35 |       0 |   0.0
     Lair:5 |    6409 |       0 |   0.0 |      26 |       0 |   0.0
     Lair:6 |    7077 |    6165 |  46.6 |      29 |      36 |  55.4
      Orc:1 |    3578 |     918 |  20.4 |      61 |       2 |   3.2
      Orc:2 |    2900 |    2218 |  43.3 |      26 |      27 |  50.9
    Abyss:1 |    3888 |       0 |   0.0 |       6 |       0 |   0.0
      IceCv |       0 |    6137 | 100.0 |       0 |      54 | 100.0
   Gauntlet |       0 |    3521 | 100.0 |       0 |      11 | 100.0
            +---------+---------+-------+---------+---------+-------
